 Dungeon Crawl Stone Soup version 0.29-a0-451-gfbfa42419e (webtiles) character file.

Game seed: 3887634325538508026

156 marklar909 the Chopper (level 5, -8/44 HPs)
             Began as a Palentonga Berserker on May 19, 2022.
             Was a Believer of Trog.
             Mangled by an ogre
             ... wielding a +0 giant club
              (26 damage)
             ... on level 4 of the Dungeon.
             The game lasted 00:04:26 (2866 turns).

marklar909 the Chopper (Palentonga Berserker)       Turns: 2866, Time: 00:04:26

Health: -8/44      AC:  4    Str: 21    XL:     5   Next: 15%
Magic:  5/5        EV:  9    Int: 13    God:    Trog [**....]
Gold:   154        SH:  0    Dex: 11    Spells: 4/4 levels left

rFire   . . .      SeeInvis +   m - +0 war axe
rCold   . . .      Faith    .   (no shield)
rNeg    . . .      Spirit   .   u - +0 leather armour
rPois   .          Reflect  .   (no helmet)
rElec   .          Harm     .   (no cloak)
rCorr   .          Rampage  .   (no gloves)
Will    ++...                   (no barding)
Stlth   +.........              (no amulet)
HPRegen 1.14/turn               e - +6 ring of intelligence
MPRegen 0.09/turn               (no ring)

@: strong-willed, regenerating
A: large, rugged brown scales 3, see invisible, deformed body, roll 1, armoured
tail
a: Rolling Charge, Renounce Religion, Berserk, Trog's Hand


You were on level 4 of the Dungeon.
You worshipped Trog.
Trog was pleased with you.
You visited 1 branch of the dungeon, and saw 4 of its levels.

You collected 154 gold pieces.

Inventory:

Hand Weapons
 m - a +0 war axe (weapon)
Armour
 u - a +0 leather armour (worn)
Jewellery
 e - a +6 ring of intelligence (left hand)
 l - a ring of ice
Wands
 o - a wand of digging (5)
 p - a wand of flame (20)
Scrolls
 c - 2 scrolls of immolation
 d - a scroll of poison
 h - a scroll of amnesia {unknown}
 r - a scroll of fear {unknown}
 s - a scroll of teleportation {unknown}
 t - a scroll of blinking {unknown}
Potions
 a - a potion of mutation {unknown}
 f - 4 potions of curing
 g - 2 potions of resistance
 j - 2 potions of flight {unknown}
 k - 2 potions of haste {unknown}
 n - 3 potions of heal wounds
 q - a potion of berserk rage {unknown}


   Skills:
 + Level 4.0 Fighting
 + Level 4.2 Axes
 + Level 1.9 Armour
 + Level 2.3 Dodging
 + Level 0.8 Stealth


You had 4 spell levels left.
You didn't know any spells.
Your spell library was empty.

Dungeon Overview and Level Annotations

Branches:
Dungeon (4/15)
 Temple: D:4-7

Altars:

Shops:
D:2 =

Annotations:
D:3 3 runed translucent doors, Hubjo's ghost, amateur DEFE


Innate Abilities, Weirdness & Mutations

You are completely covered in rugged brown scales. (AC +3, +7% HP)
You have supernaturally acute eyesight. (SInv)
Armour fits poorly on your strangely shaped body.
You can roll at nearby foes to attack.
You have a long armoured tail.


Message History

A giant cockroach is nearby!
A giant cockroach is nearby!
Found a book of Geomancy.
The orc wizard shouts! x4; The adder hisses angrily.
You closely miss the giant cockroach.
The giant cockroach bites you but does no damage. x2
You miss the adder. You slash the giant cockroach!
You kill the giant cockroach!
Trog accepts your kill. The adder closely misses you.
The adder barely misses you.
You hit the adder but do no damage. You tail-slap the adder.
The adder is severely wounded.
The adder barely misses you. x2
You slash the adder!
You kill the adder!
Trog accepts your kill.
No reachable target in view!
No reachable target in view!
a - a fizzy clear potion No reachable target in view!
Found 9 stones.
No target in view!
An ogre comes into view. It is wielding a +0 giant club.
Found a stone staircase leading down.
The ogre shouts!
You hear a shout!
An ogre is nearby!
An ogre is nearby!
The ogre hits you with a +0 giant club.
An ogre is nearby!
You barely miss the ogre. You barely miss the ogre.
The ogre hits you with a +0 giant club!
You hit the ogre but do no damage.
An orc priest comes into view. It is wielding a +0 mace.
The ogre hits you with a +0 giant club!
The orc priest moves out of view.
Unknown command.
Your skin crawls.
You feel strong-willed.
The ogre hits you with a +0 giant club!!
Ouch! That really hurt!
You die...

#.......#######.......
#>(..................
#....................
#....................
#....................
#............†....###
#.................#o#
#......O........###o#
#.......@.......#ooo.
##.###..........###.#
#..........#.....+ #
#..####..........# ..
##.......##... .
##............##
#....#........#
#....<.......
.!..............


You could see an ogre.

Vanquished Creatures
  An orc wizard (D:3)
  4 gnolls (D:2)
  3 adders
  2 dart slugs
  4 orcs (D:3)
  4 endoplasms
  4 giant cockroaches
  5 hobgoblins
  3 jackals (D:1)
  A quokka (D:1)
  5 ball pythons
  5 bats
  6 frilled lizards
  7 goblins
  5 kobolds
  A rat (D:1)
60 creatures vanquished.

Vanquished Creatures (others)
  2 fungi (D:3)
  2 plants (D:3)
4 creatures vanquished.

Grand Total: 64 creatures vanquished

Notes
Turn   | Place    | Note
-------+----------+-------------------------------------------
     0 | D:1      | marklar909 the Palentonga Berserker began the quest for the
                  | Orb.
     0 | D:1      | Reached XP level 1. HP: 19/19 MP: 1/1
   259 | D:1      | Reached XP level 2. HP: 25/25 MP: 2/2
   615 | D:2      | Reached ** piety under Trog
   616 | D:2      | Reached XP level 3. HP: 29/31 MP: 3/3
  1246 | D:2      | Reached XP level 4. HP: 39/39 MP: 4/4
  1267 | D:2      | Found a faded altar of an unknown god.
  1589 | D:2      | Found Topror's Jewellery Shoppe.
  2159 | D:3      | Reached XP level 5. HP: 33/44 MP: 5/5
  2264 | D:3      | Found a runed translucent gate.
  2266 | D:3      | Noticed Hubjo's ghost (amateur DEFE)
  2268 | D:3      | Found a runed translucent gate.
  2268 | D:3      | Found a runed translucent gate.
  2856 | D:4      | Noticed an ogre
  2866 | D:4      | Mangled by an ogre

Illustrated notes

Levels and vault maps discovered:
D:1:      dpeg_arrival_shelter, layout_rooms
D:2:      layout_loops_corners, serial_shops, shop,
          hellmonk_ecumenical_altar_blasted, st_stairs_5
D:3:      layout_basic, gammafunk_ghost_nasty_kobolds
D:4:      layout_rooms, minmay_temple_entry_trees,
          minmay_a_box_with_orc_wizards_in_it

Skill      XL: |  1  2  3  4  5 |
---------------+----------------+-----
Dodging        | 2 |  2.3
Axes           | 4 |  4.2
Fighting       | 4 |  4.0
Armour         | |  1.9
Stealth        | |  0.8

Action                   |  1- 3 |  4- 6 || total
-------------------------+-------+-------++-------
Melee: Hand axe          |    83 |    10 ||    93
       Tailslap          |     4 |     6 ||    10
       War axe           |       |    54 ||    54
Invok: Berserk           |     1 |       ||     1
       Trog's Hand       |       |     1 ||     1
  Use: Scroll            |       |     4 ||     4
 Stab: Sleeping          |     1 |       ||     1
Armor: Animal skin       |    38 |    21 ||    59
       Leather armour    |       |     2 ||     2
Dodge: Dodged            |    46 |    31 ||    77

Table legend: (Time is in decaauts)
 A = Elapsed time spent in this place.
 B = Non-inter-level travel time spent in this place.
 C = Inter-level travel time spent in this place.
 D = Time resting spent in this place.
 E = Time spent auto-exploring this place.
 F = Levels seen in this place.
 G = Mean time per level.
                   A        B        C        D        E       F      G
               +--------+--------+--------+--------+--------+-----+--------+
         Total |   2904 |   2755 |    149 |    320 |   2052 |   4 |  726.0 |
       Dungeon |   2904 |   2755 |    149 |    320 |   2052 |   4 |  726.0 |
               +--------+--------+--------+--------+--------+-----+--------+

Top non-repeatable levels by time:
     D:2: 1179 daAuts
     D:3: 1077 daAuts
     D:1: 611 daAuts
     D:4: 35 daAuts
